[Event "18th Izmir Open 2019"]
[Site "Izmir"]
[Date "2019.09.02"]
[Round "1.1"]
[White "Mutlu, Ezgi"]
[Black "Shanava, Konstantine"]
[Result "0-1"]
[ECO "B15"]
[WhiteElo "1340"]
[BlackElo "2500"]
[Annotator "ChessBase"]
[PlyCount "102"]
[EventDate "2019.09.02"]
[EventType "swiss"]
[EventCountry "TUR"]
[SourceTitle "playchess.com"]
[Source "ChessBase"]
[SourceQuality "1"]
[TimeControl "5400+30"]

1. e4 g6 2. d4 Bg7 3. Nf3 c6 4. Nc3 d5 5. exd5 cxd5 6. h3 Nc6 7. Be3 Nh6 8. Qd2 Nf5 9. Rd1 O-O 10. Be2 a6 11. O-O b5 12. a3 Bb7 13. Rfe1 Rc8 14. Bf1 Na5 15. Na2 Nd6 16. Ne5 Ne4 17. Qc1 Ba8 18. Nb4 Bb7 19. c3 Nc4 20. Nxc4 bxc4 21. Bh6 e6 22. Bxg7 Kxg7 23. Qf4 Rb8 24. f3 Nd6 25. Rd2 h6 26. Nc2 Qg5 27. Qxg5 hxg5 28. Ne3 Bc6 29. g4 Rb7 30. Ree2 Rfb8 31. Nd1 Ba4 32. Nf2 Nc8 33. Kg2 Bd7 34. Nd1 f6 35. Kg1 Kf7 36. Kf2 Ba4 37. Ke1 Nb6 38. Rh2 Bxd1 39. Kxd1 Na4 40. h4 Nxb2+ 41. Ke1 Na4 42. hxg5 Rb1+ 43. Kf2 fxg5 44. Rh7+ Kf6 45. Ra7 R8b6 46. Kg1 Nxc3 47. Rh2 Nb5 48. Ra8 Nxd4 49. Rh7 R6b2 50. Rxa6 Nxf3+ 51. Kh1 Rxf1# 0-1

[Event "18th Izmir Open 2019"]
[Site "Izmir"]
[Date "2019.09.02"]
[Round "1.3"]
[White "Gonca, Harun"]
[Black "Soysal, Serkan"]
[Result "0-1"]
[ECO "B33"]
[WhiteElo "1411"]
[BlackElo "2401"]
[Annotator "NA"]
[PlyCount "40"]
[EventDate "2019.09.02"]
[EventType "swiss"]
[EventCountry "TUR"]
[SourceTitle "playchess.com"]
[Source "ChessBase"]
[SourceQuality "1"]
[TimeControl "5400+30"]

1. e4 c5 2. Nf3 Nc6 3. d4 cxd4 4. Nxd4 Nf6 5. Nc3 e5 6. Nxc6 bxc6 7. Bc4 Bb4 8. Bd2 O-O 9. Qf3 d5 10. exd5 cxd5 11. Bb3 Bg4 12. Qd3 d4 13. Ne4 Bxd2+ 14. Nxd2 e4 15. Qg3 Qa5 16. c3 e3 17. Nc4 exf2+ 18. Qxf2 Rfe8+ 19. Kf1 Qa6 20. Qxd4 Rad8 0-1

[Event "18th Izmir Open 2019"]
[Site "Izmir"]
[Date "2019.09.02"]
[Round "1.5"]
[White "Seker, Cinar"]
[Black "Guseynov, Alihan"]
[Result "0-1"]
[ECO "B06"]
[WhiteElo "1328"]
[BlackElo "2326"]
[Annotator "NA"]
[PlyCount "74"]
[EventDate "2019.09.02"]
[EventType "swiss"]
[EventCountry "TUR"]
[SourceTitle "playchess.com"]
[Source "ChessBase"]
[SourceQuality "1"]
[TimeControl "5400+30"]

1. e4 g6 2. d4 Bg7 3. Nf3 d6 4. Nc3 a6 5. Bc4 b5 6. Bb3 e6 7. d5 e5 8. a4 b4 9. Ne2 Nd7 10. c3 Rb8 11. Be3 Ngf6 12. Bc2 Ng4 13. Bg5 f6 14. Bd2 bxc3 15. Bxc3 O-O 16. h3 Nh6 17. g4 Nf7 18. h4 Nc5 19. Rg1 a5 20. h5 Bh6 21. hxg6 hxg6 22. b3 c6 23. Rb1 Kg7 24. Bd2 Bxd2+ 25. Qxd2 Rb4 26. Nc3 Bd7 27. g5 fxg5 28. Nxg5 Nxg5 29. Rxg5 Rf4 30. Rg3 Qh4 31. dxc6 Rd4 32. Qe3 Bxc6 33. Ne2 Bxe4 34. Nxd4 Bxc2 35. Nxc2 Qh1+ 36. Ke2 Qxb1 37. Ne1 Re4 0-1

[Event "18th Izmir Open 2019"]
[Site "Izmir"]
[Date "2019.09.02"]
[Round "1.6"]
[White "Kamer, Kayra"]
[Black "Kose, Arat Uygar"]
[Result "1-0"]
[ECO "B78"]
[WhiteElo "2304"]
[BlackElo "1415"]
[Annotator "NA"]
[PlyCount "79"]
[EventDate "2019.09.02"]
[EventType "swiss"]
[EventCountry "TUR"]
[SourceTitle "playchess.com"]
[Source "ChessBase"]
[SourceQuality "1"]
[TimeControl "5400+30"]

1. e4 c5 2. Nf3 d6 3. d4 cxd4 4. Nxd4 Nf6 5. Nc3 g6 6. Be3 Bg7 7. Bc4 O-O 8. f3 Nc6 9. Bb3 Bd7 10. Qd2 Rc8 11. h4 h5 12. O-O-O Ne5 13. Bh6 Nc4 14. Bxc4 Rxc4 15. Bxg7 Kxg7 16. g4 hxg4 17. h5 Nxh5 18. Rxh5 Rh8 19. Rxh8 Qxh8 20. Qe2 Qc8 21. Qe3 e5 22. Nde2 gxf3 23. Qxf3 Bg4 24. Qe3 Qc5 25. Qxc5 dxc5 26. Kd2 f5 27. exf5 gxf5 28. b3 Rb4 29. Re1 Rb6 30. Nd5 Rd6 31. c4 Kf7 32. Nec3 e4 33. Rh1 Kg6 34. Ke3 Rd7 35. Kf4 Bf3 36. Rg1+ Kf7 37. Rg5 Ke6 38. Rg6+ Kf7 39. Rf6+ Kg7 40. Rxf5 1-0

[Event "18th Izmir Open 2019"]
[Site "Izmir"]
[Date "2019.09.02"]
[Round "1.7"]
[White "Kaval, Zeynep Ruya"]
[Black "Isik, Alparslan"]
[Result "0-1"]
[ECO "A07"]
[WhiteElo "1263"]
[BlackElo "2200"]
[Annotator "NA"]
[PlyCount "68"]
[EventDate "2019.09.02"]
[EventType "swiss"]
[EventCountry "TUR"]
[SourceTitle "playchess.com"]
[Source "ChessBase"]
[SourceQuality "1"]
[TimeControl "5400+30"]

1. Nf3 Nf6 2. d3 d5 3. g3 g6 4. Bg2 Bg7 5. O-O O-O 6. Nbd2 Nc6 7. c3 e5 8. e4 a5 9. Qc2 h6 10. a4 Be6 11. b3 Qd7 12. Ba3 Rfe8 13. exd5 Nxd5 14. Ne4 b6 15. Rad1 Rad8 16. Rfe1 Nde7 17. c4 Bg4 18. Rd2 f5 19. Nc3 Bxf3 20. Bxf3 Nd4 21. Qd1 Nxf3+ 22. Qxf3 e4 23. Nxe4 fxe4 24. Rxe4 Nf5 25. Rxe8+ Rxe8 26. Rd1 Nd4 27. Qd5+ Qxd5 28. cxd5 Rd8 29. Kg2 Rxd5 30. Rc1 c5 31. Rb1 Nc2 32. Bb2 Rxd3 33. Bxg7 Kxg7 34. Rb2 Nd4 0-1

[Event "18th Izmir Open 2019"]
[Site "Izmir"]
[Date "2019.09.02"]
[Round "1.8"]
[White "Annaberdiyev, Babageldi"]
[Black "Denec, Mustafa Guclu"]
[Result "1-0"]
[ECO "C00"]
[WhiteElo "2205"]
[BlackElo "1389"]
[Annotator "NA"]
[PlyCount "98"]
[EventDate "2019.09.02"]
[EventType "swiss"]
[EventCountry "TUR"]
[SourceTitle "playchess.com"]
[Source "ChessBase"]
[SourceQuality "1"]
[TimeControl "5400+30"]

1. Nf3 d5 2. g3 Nf6 3. Bg2 c5 4. O-O e6 5. d3 Be7 6. Nbd2 Nc6 7. e4 d4 8. a4 a5 9. Nc4 O-O 10. h3 h6 11. Nfe5 Nxe5 12. Nxe5 Nd7 13. Nc4 e5 14. Qh5 f6 15. f4 Qe8 16. Qe2 Ra6 17. f5 Nb6 18. Nd2 Nxa4 19. Bf3 Bd7 20. Bh5 Qd8 21. Nf3 b5 22. Nh4 Be8 23. Bg6 Bxg6 24. Nxg6 Rf7 25. Qg4 Qe8 26. Bxh6 gxh6 27. Nxe7+ Kh8 28. Ng6+ Kh7 29. Ra2 Nb6 30. h4 Nc8 31. Rfa1 Qd8 32. Kg2 Rg7 33. Qe2 Ne7 34. h5 Nc8 35. g4 Nd6 36. Qd2 Rga7 37. Rd1 c4 38. c3 cxd3 39. Qxd3 dxc3 40. bxc3 Rd7 41. Qd5 Qa8 42. Qe6 Qxe4+ 43. Kh2 Rg7 44. Rxd6 Rxd6 45. Qxd6 Qxg4 46. Qxf6 Qxh5+ 47. Kg3 Qh1 48. Rg2 Qe1+ 49. Kh2 Qd1 1-0

[Event "18th Izmir Open 2019"]
[Site "Izmir"]
[Date "2019.09.02"]
[Round "1.9"]
[White "Dolan, Ozan"]
[Black "Yilmaz, Turhan"]
[Result "0-1"]
[ECO "A07"]
[WhiteElo "1405"]
[BlackElo "2180"]
[Annotator "NA"]
[PlyCount "106"]
[EventDate "2019.09.02"]
[EventType "swiss"]
[EventCountry "TUR"]
[SourceTitle "playchess.com"]
[Source "ChessBase"]
[SourceQuality "1"]
[TimeControl "5400+30"]

1. g3 d5 2. Bg2 Nf6 3. Nf3 c6 4. d3 Bf5 5. b3 e6 6. Bb2 h6 7. Nbd2 Be7 8. Rc1 O-O 9. O-O Nbd7 10. Re1 Bh7 11. h3 Re8 12. c4 Bf8 13. Ne5 Nxe5 14. Bxe5 Ba3 15. Rb1 a5 16. Bb2 Bxb2 17. Rxb2 Qe7 18. e4 dxe4 19. Nxe4 Red8 20. Rd2 Rd4 21. Qe2 Rad8 22. Red1 Ne8 23. Qe3 Qb4 24. g4 Nc7 25. Qg3 Qe7 26. Qe5 f6 27. Qxa5 f5 28. Qc5 Qf7 29. Nc3 fxg4 30. Ne2 Rxd3 31. Rxd3 Rxd3 32. Rxd3 Bxd3 33. Nd4 gxh3 34. Bxh3 Qg6+ 35. Kh2 Qf6 36. Kg2 e5 37. Nf3 Be4 38. Qe3 Qf4 39. Qxf4 exf4 40. Bg4 g6 41. Kg1 Bxf3 42. Bxf3 Kf7 43. Be4 g5 44. f3 Ke6 45. Kf2 Ke5 46. Bg6 Kd4 47. Kg2 Ke3 48. Bf5 c5 49. Bc8 b6 50. Bb7 Ne8 51. Kf1 Nd6 52. Ba8 Nf5 53. Kg2 Nh4+ 0-1

[Event "18th Izmir Open 2019"]
[Site "Izmir"]
[Date "2019.09.03"]
[Round "2.4"]
[White "Bozkurt, Atilla"]
[Black "Koksal, Ege"]
[Result "0-1"]
[ECO "B10"]
[WhiteElo "1721"]
[BlackElo "2375"]
[Annotator "RC"]
[PlyCount "60"]
[EventDate "2019.09.02"]
[EventType "swiss"]
[EventCountry "TUR"]
[SourceTitle "playchess.com"]
[Source "ChessBase"]
[SourceQuality "1"]
[TimeControl "5400+30"]

1. e4 c6 2. d3 d5 3. Nd2 e5 4. Ngf3 Bd6 5. g3 Nf6 6. Bg2 O-O 7. O-O Bg4 8. c3 Nbd7 9. Qc2 Qc7 10. Re1 Rfe8 11. Nf1 h6 12. h3 Be6 13. g4 dxe4 14. dxe4 Bf8 15. Ng3 Nc5 16. Be3 Rad8 17. Bf1 Ncxe4 18. Nxe4 Nxe4 19. Qxe4 Bd5 20. Qa4 Bxf3 21. Qxa7 Qd7 22. Bg2 Bxg2 23. Kxg2 Qd5+ 24. f3 b5 25. Bf2 Ra8 26. Qb7 e4 27. Rxe4 Rxe4 28. Qxa8 Rf4 29. Bg3 Qxf3+ 30. Kh2 Re4 0-1

[Event "18th Izmir Open 2019"]
[Site "Izmir"]
[Date "2019.09.03"]
[Round "2.7"]
[White "Isik, Alparslan"]
[Black "Sircan, Ahmet Kursat"]
[Result "1-0"]
[ECO "E73"]
[WhiteElo "2200"]
[BlackElo "1634"]
[Annotator "ChessBase"]
[PlyCount "97"]
[EventDate "2019.09.02"]
[EventType "swiss"]
[EventCountry "TUR"]
[SourceTitle "playchess.com"]
[Source "ChessBase"]
[SourceQuality "1"]
[TimeControl "5400+30"]

1. d4 Nf6 2. c4 g6 3. Nc3 Bg7 4. e4 d6 5. Be2 O-O 6. Be3 Na6 7. Qd2 c5 8. d5 Nc7 9. h3 Bd7 10. Nf3 a6 11. e5 Nfe8 12. exd6 exd6 13. O-O b5 14. Bg5 f6 15. Bf4 bxc4 16. a4 Rb8 17. Bxc4 Rb4 18. b3 g5 19. Bh2 f5 20. Rac1 h6 21. Ne1 f4 22. Nd3 Rb8 23. Rfe1 Qf6 24. Ne4 Qd4 25. Qa5 Kh8 26. Rcd1 Bf5 27. Nxf4 Qxd1 28. Rxd1 Bxe4 29. Ne6 Nxe6 30. dxe6 Bd4 31. Rxd4 cxd4 32. Bxd6 Nxd6 33. Qe5+ Kh7 34. Qxd6 Bg6 35. Qd7+ Kh8 36. Qxd4+ Kh7 37. Qa7+ Kh8 38. Qxa6 Rf6 39. Qa7 Re8 40. a5 Bf5 41. Qd7 Rexe6 42. Bxe6 Rxe6 43. Qd8+ Kg7 44. b4 Kf7 45. b5 Re8 46. Qd5+ Be6 47. Qf3+ Ke7 48. a6 Kd6 49. Qc6+ 1-0

[Event "18th Izmir Open 2019"]
[Site "Izmir"]
[Date "2019.09.03"]
[Round "3.1"]
[White "Taspinar, Yanki"]
[Black "Shanava, Konstantine"]
[Result "1-0"]
[ECO "B90"]
[WhiteElo "1970"]
[BlackElo "2500"]
[Annotator "RC"]
[PlyCount "83"]
[EventDate "2019.09.02"]
[EventType "swiss"]
[EventCountry "TUR"]
[SourceTitle "playchess.com"]
[Source "ChessBase"]
[SourceQuality "1"]
[TimeControl "5400+30"]

1. e4 c5 2. Nf3 Nc6 3. d4 cxd4 4. Nxd4 Nf6 5. Nc3 d6 6. Be3 a6 7. f3 e5 8. Nb3 Be7 9. Qd2 Be6 10. O-O-O Rc8 11. g4 Na5 12. Kb1 h6 13. Nd5 Nxd5 14. exd5 Nxb3 15. axb3 Bd7 16. Be2 h5 17. h3 f5 18. f4 e4 19. Rhg1 Bf6 20. gxh5 Kf8 21. Bd4 Be8 22. Bxf6 gxf6 23. Rg3 Bf7 24. Rdg1 Qb6 25. c4 a5 26. Qc3 Ke7 27. Rg7 Qb4 28. Qd4 Qc5 29. Qc3 Qf2 30. R1g6 Qh4 31. Qd4 Rc7 32. Ka2 Ra8 33. h6 Rf8 34. h7 Rh8 35. Bh5 Kf8 36. Rxf6 Qxh5 37. Rfxf7+ Rxf7 38. Rxf7+ Kxf7 39. Qxh8 Qg6 40. c5 dxc5 41. d6 a4 42. Qg8+ 1-0

[Event "18th Izmir Open 2019"]
[Site "Izmir"]
[Date "2019.09.03"]
[Round "3.6"]
[White "Demir, Baran"]
[Black "Isik, Alparslan"]
[Result "1-0"]
[ECO "A42"]
[WhiteElo "1859"]
[BlackElo "2200"]
[Annotator "NA"]
[PlyCount "68"]
[EventDate "2019.09.02"]
[EventType "swiss"]
[EventCountry "TUR"]
[SourceTitle "playchess.com"]
[Source "ChessBase"]
[SourceQuality "1"]
[TimeControl "5400+30"]

1. c4 g6 2. e4 Bg7 3. d4 d6 4. Nc3 e5 5. d5 Ne7 6. h3 O-O 7. g4 a5 8. Nge2 Na6 9. Ng3 Nc5 10. Be3 Bd7 11. Qd2 c6 12. Be2 a4 13. h4 cxd5 14. cxd5 Qa5 15. h5 b5 16. Bh6 a3 17. hxg6 fxg6 18. b3 Bxh6 19. Rxh6 Rac8 20. Rc1 Nb7 21. Nf5 Nxf5 22. gxf5 Kg7 23. Rh3 h5 24. Rxh5 Rf6 25. Qh6+ Kf7 26. fxg6+ Rxg6 27. Qh7+ Rg7 28. Rf5+ Bxf5 29. Qxf5+ Ke7 30. Qxc8 Nc5 31. Kf1 Rf7 32. Nxb5 Rf8 33. Qg4 Qd2 34. Rxc5 dxc5 1-0

[Event "18th Izmir Open 2019"]
[Site "Izmir"]
[Date "2019.09.03"]
[Round "3.7"]
[White "Annaberdiyev, Babageldi"]
[Black "Asilkefeli, Hasan"]
[Result "1-0"]
[ECO "A08"]
[WhiteElo "2205"]
[BlackElo "1925"]
[Annotator "NA"]
[PlyCount "139"]
[EventDate "2019.09.02"]
[EventType "swiss"]
[EventCountry "TUR"]
[SourceTitle "playchess.com"]
[Source "ChessBase"]
[SourceQuality "1"]
[TimeControl "5400+30"]

1. e4 c5 2. Nf3 Nc6 3. d3 g6 4. g3 Bg7 5. Bg2 Nf6 6. O-O d5 7. Nbd2 O-O 8. Re1 d4 9. a4 e5 10. Nc4 Ne8 11. b3 Nd6 12. Nfd2 Be6 13. Nxd6 Qxd6 14. Nc4 Qc7 15. f4 f6 16. Rf1 a6 17. f5 Bxc4 18. bxc4 g5 19. Bd2 a5 20. Bf3 Kf7 21. Kg2 Ke7 22. Rh1 Kd6 23. Qb1 Nb4 24. h4 h6 25. Qb3 Kc6 26. Rh2 b6 27. Rah1 Rh8 28. Bh5 Qd7 29. Kf2 Qe7 30. Ke1 Qd7 31. Kd1 Qe7 32. Kc1 Qd7 33. Kb2 Qe7 34. Qa3 Qd7 35. Qa1 Qe7 36. Bg6 Kd6 37. hxg5 hxg5 38. Rh7 Rxh7 39. Rxh7 Rh8 40. Qh1 Qf8 41. Qh5 Rxh7 42. Bxh7 Bh6 43. Qg6 Ke7 44. Bg8 Qg7 45. Bd5 Qxg6 46. fxg6 Bg7 47. Bxb4 axb4 48. Kb3 Kd6 49. a5 bxa5 50. Ka4 Bh6 51. Kxa5 Bg7 52. Kb6 Bf8 53. Kb7 Kd7 54. Bc6+ Kd8 55. Ba4 Ke7 56. Kc6 Ke6 57. Kc7 f5 58. Bd7+ Kf6 59. Bxf5 Bg7 60. Kc6 Bf8 61. g4 Be7 62. Kd5 Bf8 63. Be6 Kxg6 64. Kxe5 Kg7 65. Bd5 Be7 66. Ke6 Kf8 67. Bc6 Bd8 68. Kd7 Bf6 69. Bd5 Be7 70. e5 1-0

[Event "18th Izmir Open 2019"]
[Site "Izmir"]
[Date "2019.09.03"]
[Round "3.8"]
[White "Gonullu, Muhammed Sinan"]
[Black "Yilmaz, Turhan"]
[Result "1/2-1/2"]
[ECO "A45"]
[WhiteElo "1796"]
[BlackElo "2180"]
[Annotator "NA"]
[PlyCount "146"]
[EventDate "2019.09.02"]
[EventType "swiss"]
[EventCountry "TUR"]
[SourceTitle "playchess.com"]
[Source "ChessBase"]
[SourceQuality "1"]
[TimeControl "5400+30"]

1. d4 Nf6 2. Bg5 g6 3. Bxf6 exf6 4. e3 f5 5. g3 Bg7 6. Bg2 O-O 7. Ne2 d6 8. O-O Re8 9. c4 c6 10. Nbc3 Nd7 11. Qd3 Nf6 12. b4 Bd7 13. a4 a5 14. b5 Qc7 15. Rab1 h5 16. Rb2 h4 17. bxc6 bxc6 18. Rfb1 hxg3 19. hxg3 Ra7 20. d5 c5 21. Nb5 Bxb5 22. Rxb5 Ng4 23. Qb3 Qe7 24. Nf4 Qf6 25. Rb8 Ra8 26. Rxa8 Rxa8 27. Bf3 Ne5 28. Be2 Bh6 29. Ng2 g5 30. f4 Ng6 31. Bd3 gxf4 32. exf4 Kh8 33. Qc2 Ne7 34. Qb2 Bg7 35. Qxf6 Bxf6 36. Rb6 Rd8 37. Kf2 Kg7 38. Rb5 Bc3 39. Nh4 Kf6 40. Rb7 Bb4 41. Nf3 Ng8 42. Ng5 Nh6 43. Be2 Bc3 44. Bh5 Bd4+ 45. Kg2 Re8 46. Nxf7 Ng4 47. Bxg4 fxg4 48. Nxd6 Re1 49. Rf7+ Kg6 50. f5+ Kh6 51. Nb5 Rg1+ 52. Kh2 Rd1 53. Nxd4 Rxd4 54. Rc7 Kg5 55. Rxc5 Kxf5 56. d6+ Ke6 57. Rxa5 Rxc4 58. Ra8 Kxd6 59. a5 Ra4 60. Kg2 Ra2+ 61. Kf1 Kc6 62. a6 Kb6 63. a7 Ra4 64. Kf2 Kb7 65. Rf8 Kxa7 66. Rf4 Ra2+ 67. Ke1 Kb6 68. Rxg4 Kc5 69. Rf4 Kd5 70. Kf1 Ke5 71. Rf8 Ke6 72. g4 Ra4 73. g5 Rg4 1/2-1/2

[Event "18th Izmir Open 2019"]
[Site "Izmir"]
[Date "2019.09.03"]
[Round "3.9"]
[White "Demirbag, Alihan"]
[Black "Onturk, Senan Utku"]
[Result "1-0"]
[ECO "A34"]
[WhiteElo "2121"]
[BlackElo "1797"]
[Annotator "NA"]
[PlyCount "43"]
[EventDate "2019.09.02"]
[EventType "swiss"]
[EventCountry "TUR"]
[SourceTitle "playchess.com"]
[Source "ChessBase"]
[SourceQuality "1"]
[TimeControl "5400+30"]

1. c4 Nf6 2. Nc3 d5 3. cxd5 Nxd5 4. g3 g6 5. Bg2 Nxc3 6. bxc3 Bg7 7. Nf3 O-O 8. O-O c5 9. Rb1 Nc6 10. Rb5 c4 11. Qa4 a6 12. Rc5 b5 13. Rxb5 axb5 14. Qxa8 Qb6 15. Qa3 Bb7 16. d4 cxd3 17. exd3 b4 18. cxb4 Ra8 19. Qb3 Nd4 20. Nxd4 Bxg2 21. Kxg2 Qxd4 22. Be3 1-0

[Event "18th Izmir Open 2019"]
[Site "Izmir"]
[Date "2019.09.04"]
[Round "4.5"]
[White "Celiker, Yakup"]
[Black "Annaberdiyev, Babageldi"]
[Result "0-1"]
[ECO "B50"]
[WhiteElo "1940"]
[BlackElo "2205"]
[Annotator "ChessBase"]
[PlyCount "106"]
[EventDate "2019.09.02"]
[EventType "swiss"]
[EventCountry "TUR"]
[SourceTitle "playchess.com"]
[Source "ChessBase"]
[SourceQuality "1"]
[TimeControl "5400+30"]

1. e4 c5 2. Nf3 Nc6 3. b3 d6 4. Bb2 Nf6 5. Nc3 e5 6. Bb5 Bd7 7. O-O Be7 8. d3 a6 9. Bxc6 Bxc6 10. Ne2 b5 11. Ng3 h5 12. Nf5 Bf8 13. a4 g6 14. Ne3 Bh6 15. axb5 axb5 16. Qe2 O-O 17. h3 Rxa1 18. Rxa1 Qe7 19. g3 Ra8 20. Rxa8+ Bxa8 21. c4 b4 22. Nd2 Qa7 23. Qe1 Qa2 24. Qa1 Qxa1+ 25. Bxa1 Nd7 26. Kf1 Nb8 27. Ke2 Nc6 28. Bb2 Na5 29. Kd1 Bb7 30. Kc2 Bc8 31. h4 Bh3 32. Nf3 f6 33. Bc1 Kf7 34. Bd2 Nc6 35. Bc1 Bc8 36. Bb2 g5 37. Bc1 g4 38. Ne1 Nd4+ 39. Kb2 Ne2 40. N1c2 f5 41. exf5 e4 42. dxe4 Bg7+ 43. Kb1 Nc3+ 44. Ka1 Nxe4+ 45. Bb2 Bxb2+ 46. Kxb2 Nxf2 47. Kc1 Ne4 48. Nf1 Bxf5 49. Nce3 Be6 50. Kc2 Kf6 51. Kd3 Ke5 52. Ng2 Bf7 53. Nf4 Nxg3 0-1

[Event "18th Izmir Open 2019"]
[Site "Izmir"]
[Date "2019.09.04"]
[Round "4.7"]
[White "Ayazmali, Gizem"]
[Black "Unat, Can Haktan"]
[Result "0-1"]
[ECO "A23"]
[WhiteElo "1742"]
[BlackElo "2100"]
[Annotator "ChessBase"]
[PlyCount "110"]
[EventDate "2019.09.02"]
[EventType "swiss"]
[EventCountry "TUR"]
[SourceTitle "playchess.com"]
[Source "ChessBase"]
[SourceQuality "1"]
[TimeControl "5400+30"]

1. c4 Nf6 2. Nc3 e5 3. g3 c6 4. Bg2 d5 5. cxd5 cxd5 6. d3 Nc6 7. Bg5 Be6 8. Bxf6 gxf6 9. Qb3 Nd4 10. Qd1 Qa5 11. Nf3 Nxf3+ 12. Bxf3 d4 13. Qa4+ Qxa4 14. Nxa4 Bb4+ 15. Kd1 Rb8 16. b3 b5 17. Nb2 Bc3 18. Rb1 O-O 19. e3 Rb6 20. Kc2 Rc8 21. Rbc1 a5 22. Kb1 a4 23. b4 a3 24. Nd1 Bxb4 25. Rxc8+ Bxc8 26. Bd5 Rd6 27. e4 Bg4 28. f4 Bf3 29. Rg1 Rd8 30. Bb3 Rc8 31. fxe5 Bd2 32. Nf2 fxe5 33. Bc2 f6 34. g4 Be3 35. Rg3 Be2 36. g5 fxg5 37. Ng4 Bf4 38. Nh6+ Kf8 39. Rg1 Rc3 40. h4 Be3 41. Re1 Bxd3 42. Bxd3 Rxd3 43. Rf1+ Ke8 44. hxg5 Bxg5 45. Nf7 Bf4 46. Nd6+ Kd7 47. Nxb5 Kc6 48. Na7+ Kc5 49. Nc8 Rd2 50. Rc1+ Kb4 51. Rh1 h5 52. Ne7 Rb2+ 53. Ka1 Re2 54. Nd5+ Kc4 55. Nb6+ Kd3 0-1

[Event "18th Izmir Open 2019"]
[Site "Izmir"]
[Date "2019.09.04"]
[Round "4.8"]
[White "Mohannad, Farhan"]
[Black "Demir, Baran"]
[Result "1/2-1/2"]
[ECO "E64"]
[WhiteElo "2094"]
[BlackElo "1859"]
[Annotator "NA"]
[PlyCount "61"]
[EventDate "2019.09.02"]
[EventType "swiss"]
[EventCountry "TUR"]
[SourceTitle "playchess.com"]
[Source "ChessBase"]
[SourceQuality "1"]
[TimeControl "5400+30"]

1. d4 Nf6 2. Nf3 g6 3. g3 Bg7 4. Bg2 O-O 5. O-O c5 6. d5 d6 7. c4 Na6 8. Nc3 Nc7 9. e4 Rb8 10. a4 b6 11. Re1 a6 12. h3 b5 {[%emt 0:02:30] E64: King's Indian: Fianchetto: 6...c5 7 d5} 13. axb5 (13. e5 Nd7 14. Bf4 dxe5 15. Nxe5 Nxe5 16. Bxe5 Bxe5 17. Rxe5 bxc4 18. Qd2 Bf5 19. Rae1 e6 20. d6 {0-1 (37) Fominyh,A (2520)-Belozerov,A (2541) Tomsk 2003}) 13... axb5 14. cxb5 $146 ({Predecessor:} 14. e5 Nfe8 15. cxb5 Nxb5 16. Nxb5 Rxb5 17. Qe2 Nc7 18. Ra2 Bb7 19. Rd1 Qb8 20. exd6 exd6 {0-1 (37) Bensdorp,M (2284)-Pytel,K (2391) La Fere 2008}) 14... Nxb5 15. Nxb5 Rxb5 16. e5 Nd7 17. e6 fxe6 18. Qe2 ({But not} 18. dxe6 Nf6 $15) 18... Ra5 19. Rxa5 Qxa5 20. Bd2 $11 ({White must play} 20. Qxe6+ $16 Kh8 21. Bd2 (21. Qxe7 Ne5 $14)) 20... Qd8 21. dxe6 Ne5 22. Nxe5 Bxe5 23. Bc3 Bxc3 24. bxc3 Qa5 25. c4 Qb4 26. Ra1 Bb7 27. Ra7 Qb1+ 28. Kh2 Bxg2 29. Kxg2 Re8 30. g4 g5 31. Qf3 1/2-1/2

[Event "18th Izmir Open 2019"]
[Site "Izmir"]
[Date "2019.09.04"]
[Round "5.6"]
[White "Demir, Baran"]
[Black "Salman, Ilhan Serhat"]
[Result "0-1"]
[ECO "A26"]
[WhiteElo "1859"]
[BlackElo "2037"]
[Annotator "NA"]
[PlyCount "52"]
[EventDate "2019.09.02"]
[EventType "swiss"]
[EventCountry "TUR"]
[SourceTitle "playchess.com"]
[Source "ChessBase"]
[SourceQuality "1"]
[TimeControl "5400+30"]

1. c4 g6 2. Nc3 Bg7 3. g3 Nf6 4. Bg2 O-O 5. e4 d6 6. Nge2 e5 7. d3 Nc6 8. O-O Nd7 9. Be3 Nc5 10. d4 exd4 11. Nxd4 Ne5 12. b4 Ne6 13. Nxe6 Bxe6 14. c5 Bc4 15. Nd5 Bxf1 16. Qxf1 Ng4 17. cxd6 Nxe3 18. Nxe3 Qxd6 19. b5 Bxa1 20. Qxa1 f6 21. Qc3 Rad8 22. Nd5 c6 23. bxc6 bxc6 24. Qxc6 Qxc6 25. Ne7+ Kg7 26. Nxc6 Rd1+ 0-1

[Event "18th Izmir Open 2019"]
[Site "Izmir"]
[Date "2019.09.04"]
[Round "5.7"]
[White "Tutuncu, Ali"]
[Black "Isik, Alparslan"]
[Result "0-1"]
[ECO "B24"]
[WhiteElo "1763"]
[BlackElo "2200"]
[Annotator "NA"]
[PlyCount "98"]
[EventDate "2019.09.02"]
[EventType "swiss"]
[EventCountry "TUR"]
[SourceTitle "playchess.com"]
[Source "ChessBase"]
[SourceQuality "1"]
[TimeControl "5400+30"]

1. e4 c5 2. Nc3 Nc6 3. g3 Rb8 4. Bg2 b5 5. d3 g6 6. Be3 b4 7. Nce2 Bg7 8. Qc1 d6 9. f4 e6 10. Nf3 Nge7 11. O-O O-O 12. Nd2 Bb7 13. h3 Qd7 14. Nb3 a5 15. e5 Nf5 16. exd6 c4 17. dxc4 Bxb2 18. Qxb2 Nxe3 19. Nc5 Qc8 20. d7 Qc7 21. Ne4 e5 22. Nf6+ Kg7 23. Nd5 Nxd5 24. cxd5 Nd4 25. Nxd4 exd4 26. Qxd4+ Kg8 27. Qa7 Rfd8 28. d6 Qxd7 29. Rfe1 Bxg2 30. Qxd7 Rxd7 31. Kxg2 Rxd6 32. Rad1 Rxd1 33. Rxd1 Rc8 34. Rd2 Rc3 35. g4 Ra3 36. f5 gxf5 37. gxf5 Kg7 38. h4 Rxa2 39. Rf2 b3 40. cxb3 Rxf2+ 41. Kxf2 Kf6 42. Kg3 Kxf5 43. Kf3 h5 44. Kg3 Ke4 45. Kg2 f5 46. Kf2 Kf4 47. Ke2 Kg3 48. Kf1 f4 49. Kg1 f3 0-1

[Event "18th Izmir Open 2019"]
[Site "Izmir"]
[Date "2019.09.04"]
[Round "5.8"]
[White "Yuksel, Davut Can"]
[Black "Yilmaz, Turhan"]
[Result "0-1"]
[ECO "A48"]
[WhiteElo "1757"]
[BlackElo "2180"]
[Annotator "NA"]
[PlyCount "64"]
[EventDate "2019.09.02"]
[EventType "swiss"]
[EventCountry "TUR"]
[SourceTitle "playchess.com"]
[Source "ChessBase"]
[SourceQuality "1"]
[TimeControl "5400+30"]

1. d4 g6 2. Bf4 Nf6 3. e3 Bg7 4. Nf3 O-O 5. h3 d6 6. Be2 Nfd7 7. O-O h6 8. c4 e5 9. Bh2 Nc6 10. Nc3 f5 11. Rc1 Kh8 12. a3 g5 13. b4 exd4 14. Nxd4 Nxd4 15. exd4 f4 16. c5 a6 17. cxd6 cxd6 18. Nd5 Nb6 19. Nc7 Rb8 20. d5 Be5 21. Bg4 Bxg4 22. Qxg4 Qf6 23. Qe6 Rbc8 24. f3 Rf7 25. Qxf6+ Bxf6 26. Ne6 Rxc1 27. Rxc1 Bb2 28. Rb1 Bxa3 29. Nd4 Rc7 30. Nf5 Nxd5 31. Nxd6 Bxb4 32. Ne4 a5 0-1

[Event "18th Izmir Open 2019"]
[Site "Izmir"]
[Date "2019.09.04"]
[Round "5.9"]
[White "Demirbag, Alihan"]
[Black "Ayazmali, Gizem"]
[Result "1-0"]
[ECO "B25"]
[WhiteElo "2121"]
[BlackElo "1742"]
[Annotator "NA"]
[PlyCount "147"]
[EventDate "2019.09.02"]
[EventType "swiss"]
[EventCountry "TUR"]
[SourceTitle "playchess.com"]
[Source "ChessBase"]
[SourceQuality "1"]
[TimeControl "5400+30"]

1. e4 d6 2. Nc3 g6 3. g3 Bg7 4. Bg2 Nf6 5. d3 c5 6. f4 Nc6 7. Nf3 O-O 8. O-O Rb8 9. h3 b5 10. g4 b4 11. Ne2 a5 12. Ng3 a4 13. Rb1 Ba6 14. b3 Nd7 15. g5 Nd4 16. Nxd4 Bxd4+ 17. Kh1 Bb7 18. Qe2 d5 19. e5 e6 20. Qg4 Qe7 21. Ne2 axb3 22. axb3 Rfc8 23. Nxd4 cxd4 24. Rf2 Ra8 25. Bf3 Ra2 26. Bd1 Nc5 27. Bb2 Ba6 28. Bxd4 Qc7 29. Rh2 Nxd3 30. cxd3 Bxd3 31. Rxa2 Bxb1 32. Rf2 Qc1 33. Kh2 Bf5 34. Qe2 Qb1 35. Qd2 Rc1 36. Bf3 Rc2 37. Qxb4 Rxf2+ 38. Bxf2 Qf1 39. Bc5 Qxh3+ 40. Kg1 Qg3+ 41. Bg2 h5 42. Bf2 Qg4 43. Kh2 h4 44. Qd4 h3 45. Bf1 Be4 46. Qe3 Bg2 47. Be2 Qf5 48. Kg3 Qb1 49. Bg4 Qh1 50. Bg1 d4 51. Qxd4 Bd5 52. Qf2 Qe4 53. Bxh3 Bxb3 54. Qe3 Qb1 55. Bg2 Bc4 56. Bf2 Qa2 57. Qc3 Qe2 58. Bf3 Qf1 59. Qd4 Bd3 60. Qd8+ Kg7 61. Qf6+ Kg8 62. Qd8+ Kg7 63. Bg2 Qe2 64. Qf6+ Kg8 65. Qd8+ Kg7 66. Qa8 Qc2 67. Qc6 Qe2 68. Qc1 Bc4 69. Bc5 Qd3+ 70. Qe3 Qc2 71. Be7 Qa2 72. Bf6+ Kh7 73. Kh2 Qb3 74. Qa7 1-0